 Dungeon Crawl Stone Soup version 0.29-a0-96-g93358da72b (webtiles) character file.

Game seed: 7798821776563043926

466 enile the Skirmisher (level 6, 0/39 (48) HPs)
             Began as a Demonspawn Venom Mage on Feb 11, 2022.
             Slain by a wight (1 damage)
             ... on level 2 of the Dungeon.
             The game lasted 00:13:47 (6039 turns).

enile the Skirmisher (Demonspawn Venom Mage)        Turns: 6039, Time: 00:13:47

HP:   0/39 (48)     AC:  8    Str:  8 (9)  XL:     6   Next: 81%
MP:   3/12          EV: 11    Int: 23 (24) God:
Gold: 1080          SH:  5    Dex:  7 (9)  Spells: 1/13 levels left

rFire   . . .      SeeInvis .   i - +0 bardiche
rCold   . . .      Faith    .   (shield currently unavailable)
rNeg    + . .      Spirit   .   a - +0 robe
rPois   .          Reflect  +   (no helmet)
rElec   .          Harm     .   (no cloak)
rCorr   .          Rampage  .   b - +2 pair of gloves
Will    .....                   p - +1 pair of boots
Stlth   ++........              u - amulet of reflection
HPRegen 0.13/turn               g - ring of wizardry
MPRegen 0.13/turn               f - ring "Wioledesch" {rN+ Int+6 Dex-4}

@: heavily drained
A: sharp scales 1, demonic touch 1
a: no special abilities


You were on level 2 of the Dungeon.
You visited 1 branch of the dungeon, and saw 4 of its levels.

You collected 1080 gold pieces.

Inventory:

Hand Weapons
 e - a +0 short sword
 i - a +0 bardiche (weapon)
 k - a +2 dagger of venom
Missiles
 c - 6 poisoned darts (quivered)
Armour
 a - a +0 robe (worn)
 b - a +2 pair of gloves (worn)
 m - a +0 plate armour
 p - a +1 pair of boots (worn)
Jewellery
 d - an amulet of regeneration
 f - the ring "Wioledesch" (right hand) {rN+ Int+6 Dex-4}
   (You acquired it on level 3 of the Dungeon)

   [ring of positive energy]

   Int:       It affects your intelligence (+6).
   Dex:       It affects your dexterity (-4).
   rN:        It protects you from negative energy.
 g - a ring of wizardry (left hand)
 l - a +6 ring of intelligence
 o - an amulet of guardian spirit
 u - an amulet of reflection (around neck)
Scrolls
 j - a scroll of immolation
Potions
 h - a potion of flight


   Skills:
 - Level 4.0 Fighting
 - Level 2.0 Polearms
 - Level 2.0 Dodging
 - Level 2.0 Stealth
 - Level 4.0 Spellcasting
 - Level 0.8 Transmutations
 - Level 2.0 Air Magic
 + Level 3.5 Poison Magic


You had one spell level left.
You knew the following spells:

 Your Spells              Type           Power      Damage    Failure   Level
a - Sting                 Tmut/Pois      56%        1d5       1%          1
b - Mephitic Cloud        Conj/Pois/Air  13%        N/A       6%          3
c - Olgreb's Toxic Radia  Pois           21%        N/A       10%         4
d - Summon Lightning Spi  Summ/Air       9%         N/A       26%         4

Your spell library contained the following spells:

 Spells                   Type           Power      Damage    Failure   Level
 Poisonous Vapours        Pois/Air       34%        N/A       1%          2
 Vampiric Draining        Necr           4%         2d6       12%         3
 Animate Dead             Necr           2%         N/A       38%         4
 Borgnjor's Vile Clutch   Necr/Erth      2%         N/A       71%         5


Dungeon Overview and Level Annotations

Branches:
Dungeon (4/15)
 Temple: D:4-7

Altars:

Shops:
D:1 (


Innate Abilities, Weirdness & Mutations

You are partially covered in razor-sharp scales. (AC +1, Slay +1)
Your touch may inflict minor irresistible damage on your foes.


Message History

Confirm with . or Enter, or press ? or * to list all spells.
An electric hum fills the air.
The wight hits you with a +5 short sword of freezing.
* * * LOW HITPOINT WARNING * * *
You partially resist.
You feel drained.
* * * LOW HITPOINT WARNING * * *
The wight freezes you.
* * * LOW HITPOINT WARNING * * *
The wight hits you but does no damage.
Your lightning spire shoots out a bolt of lightning at the wight!
The bolt of electricity hits the wight!
The wight hits your lightning spire with a +5 short sword of freezing.
You see here 21 bolts.
The wight hits your lightning spire with a +5 short sword of freezing!
Your lightning spire is destroyed!
Your lightning spire disappears in a puff of smoke!
Blink to where?
Press: ? - help, Dir - move target
As you read the scroll of blinking, it crumbles to dust.
Your magical contamination has completely faded away.
There is an open door here.
Casting: Summon Lightning Spire (extremely dangerous; 26% risk of failure)
Confirm with . or Enter, or press ? or * to list all spells.
An electric hum fills the air.
Your lightning spire shoots out a bolt of lightning at the wight!
The bolt of electricity misses the wight.
The wight hits your lightning spire with a +5 short sword of freezing!
Your lightning spire is destroyed!
Your lightning spire disappears in a puff of smoke!
You see here a +0 ring mail.
Casting: Summon Lightning Spire (extremely dangerous; 26% risk of failure)
Confirm with . or Enter, or press ? or * to list all spells.
You don't have enough magic to cast this spell.
Casting: Summon Lightning Spire (extremely dangerous; 26% risk of failure)
Confirm with . or Enter, or press ? or * to list all spells.
You don't have enough magic to cast this spell.
The wight hits you with a +5 short sword of freezing!
* * * LOW HITPOINT WARNING * * *
The wight freezes you.
You die...

#.......#....
#.......####'
#.......# #.
#.......# ##
####...######
#...'.....
#...######
###########.........
#..@................
#.z.........[.......
#............#......
#............#######
##############


You could see a wight.

Vanquished Creatures
  Pargi (D:3)
  A sky beast (D:4)
  A phantom (D:4)
  A scorpion (D:4)
  A water moccasin skeleton (D:4)
  An adder (D:4)
  A worm (D:3)
  2 dart slugs
  2 orcs (D:3)
  6 ball pythons
  7 endoplasms
  2 giant cockroaches
  10 goblins
  6 hobgoblins
  A jackal (D:2)
  4 quokkas
  14 bats
  7 frilled lizards
  4 kobolds
  5 rats
77 creatures vanquished.

Vanquished Creatures (others)
  12 plants (D:2)
12 creatures vanquished.

Grand Total: 89 creatures vanquished

Notes
Turn   | Place    | Note
-------+----------+-------------------------------------------
     0 | D:1      | enile the Demonspawn Venom Mage began the quest for the
                  | Orb.
     0 | D:1      | Reached XP level 1. HP: 13/13 MP: 3/3
    31 | D:1      | Found Xaices Feefi's Antique Weapon Emporium.
   249 | D:1      | Reached skill level 1 in Fighting
   700 | D:1      | Gained mutation: You are partially covered in razor-sharp
                  | scales. (AC +1, Slay +1) [demonic ancestry]
   700 | D:1      | Reached XP level 2. HP: 22/22 MP: 1/5
  1499 | D:1      | You fall into a shaft and drop 1 floor!
  1619 | D:2      | Reached XP level 3. HP: 28/28 MP: 2/6
  2411 | D:2      | Learned a level 3 spell: Mephitic Cloud
  3157 | D:3      | Noticed Pargi
  3159 | D:3      | Identified 3 scrolls of acquirement
  3171 | D:3      | Acquired 868 gold pieces
  3173 | D:3      | Acquired Sif Muna's Catalogue of Flight and Darkness
  3175 | D:3      | Acquired the ring "Wioledesch" {rN+ Int+6 Dex-4}
  3222 | D:3      | Killed Pargi
  3223 | D:3      | Reached skill level 1 in Polearms
  3223 | D:3      | Reached XP level 4. HP: 28/37 MP: 1/8
  3223 | D:3      | Reached XP level 5. HP: 32/42 MP: 1/9
  3449 | D:3      | Learned a level 4 spell: Olgreb's Toxic Radiance
  4051 | D:4      | Gained mutation: Your touch may inflict minor irresistible
                  | damage on your foes. [demonic ancestry]
  4051 | D:4      | Reached XP level 6. HP: 48/48 MP: 6/12
  4632 | D:4      | Reached skill level 1 in Air Magic
  4901 | D:4      | Noticed a sky beast
  4910 | D:4      | Killed a sky beast
  5931 | D:2      | Learned a level 4 spell: Summon Lightning Spire
  6039 | D:2      | HP: 1/39 [wight (8)]
  6039 | D:2      | Slain by a wight

Illustrated notes

Levels and vault maps discovered:
D:1:      erik_arrival_orb_chamber, layout_basic, serial_shops,
          nicolae_shop_window_shopping
D:2:      layout_basic, serial_bayou_lagoon_a, minmay_randomly_rotated_circles
D:3:      layout_basic, uniq_pargi
D:4:      layout_loops_corners

Skill      XL: |  1  2  3  4  5  6 |
---------------+-------------------+-----
Fighting       | 1 2 3 4 |  4.0
Dodging        | 2 |  2.0
Spellcasting   | 3 4 |  4.0
Polearms       | 1 2 |  2.0
Stealth        | 2 |  2.0
Air Magic      | 2 |  2.0
Transmutations | |  0.8
Poison Magic   | |  3.5

Action                   |  1- 3 |  4- 6 || total
-------------------------+-------+-------++-------
Melee: Unarmed           |    43 |       ||    43
       Short sword       |    22 |       ||    22
       Punch             |     1 |       ||     1
       Bardiche          |    45 |    81 ||   126
Throw: Dart              |     1 |       ||     1
 Cast: Sting             |    77 |    19 ||    96
       Mephitic Cloud    |     2 |       ||     2
       Olgreb's Toxic Ra |       |    16 ||    16
       Summon Lightning  |       |     2 ||     2
  Use: Scroll            |     8 |     6 ||    14
       Potion            |       |     5 ||     5
 Stab: Sleeping          |     5 |     1 ||     6
Armor: Robe              |    67 |    50 ||   117
Dodge: Dodged            |   139 |    72 ||   211
Block: Other             |       |    19 ||    19
       Reflection        |       |     1 ||     1

Table legend: (Time is in decaauts)
 A = Elapsed time spent in this place.
 B = Non-inter-level travel time spent in this place.
 C = Inter-level travel time spent in this place.
 D = Time resting spent in this place.
 E = Time spent auto-exploring this place.
 F = Levels seen in this place.
 G = Mean time per level.
                   A        B        C        D        E       F      G
               +--------+--------+--------+--------+--------+-----+--------+
         Total |   6153 |   6055 |     98 |    470 |   4411 |   4 | 1538.2 |
       Dungeon |   6153 |   6055 |     98 |    470 |   4411 |   4 | 1538.2 |
               +--------+--------+--------+--------+--------+-----+--------+

Top non-repeatable levels by time:
     D:4: 1887 daAuts
     D:1: 1864 daAuts
     D:2: 1442 daAuts
     D:3: 959 daAuts
